AoeStats
← JaggedJimmyJay

Arabia

506354968Analyzed
1v1 RM · 21d ago on Sep 13, 2026· 23m 40s· 2 players
Game mode
Random Map
Map size
Tiny (2 player)
Population
200
Speed
Normal
Resources
Standard
Victory
Conquest
Starting age
Dark Age
Ending age
Imperial Age
RankedLock teamsTeams togetherTeam positionsShared explorationLock speedFull tech treeHidden civsTurbo modeCheats
Victory
Defeat
🇺🇸 Malay · United States
1049
+15
🇩🇪 Georgians · Germany
1021
-15
kert_qt
8:25 Feudal Age
9:28 Loom
14:14 Double-Bit Axe
20:50 Castle Age
19:07 Scale Barding Armor
20:35 Forging
21:56 Bow Saw
JaggedJimmyJay
3:26 Loom
10:10 Feudal Age
13:55 Man-at-Arms
14:31 Double-Bit Axe
15:14 Arson
22:43 Castle Age
Connection lost

Rejoining the realm…

Still unreachable

The connection could not be restored.

Session expired

The server has moved on; the page needs a fresh start.